[Event "*** Titled Tuesday Blitz"]
[Site "Chess.com"]
[Date "2020.11.03"]
[Round "2"]
[White "JoliyRoger"]
[Black "seorobert1971"]
[Result "0-1"]
[WhiteElo "2376"]
[BlackElo "2712"]
[TimeControl "180+1"]
[EndTime "10:23:10 PST"]
[Termination "seorobert1971 won by resignation"]

1. Nf3 Nf6 2. c4 e6 3. Nc3 Bb4 4.
Qc2 O-O 5. a3 Be7 6. d4 d5 7.
Bg5 c6 8. Bxf6 Bxf6 9. cxd5 exd5 10. e3 Nd7 11. Bd3 g6 12. O-O Re8 13. b4 a6 14.
a4 Qe7 15. b5 axb5 16. axb5 Rxa1 17. Rxa1 Nb6 18. bxc6 bxc6 19. Na4 Nxa4 20. Rxa4 Bd7 21. Ra7 Qd6 22. h3 Rb8 23. Qa2 Kg7 24. Ra6 Be8 25. Ra8 Qc7 26. Rxb8 Qxb8 27. Qc2 Qb4 28. Nd2 Be7 29. Nf3 Bd6 30. g3 Bd7 31. Kg2 h6 32. Nd2 Qa3 33. Nb3 Qb4 34. Nd2 Qa5 35. Nb3 Qa3 36.
Nd2 Qa1 37. Nf3 Qa3 38. Nd2 Kf6 39. Nf3 Qb4 40. e4 dxe4 41. Bxe4 Qb5 42. Qc3 Qb4 43. Qa1 Ke7 44. Qc1 g5 45. Qc2 Qb5 46. Bd3 Qd5 47.
Be4 Qb5 48. Bd3 Qb4 49. Be4 c5 50. dxc5 Qxc5 51. Qe2 Kf8 52. Qd3 Bb5 53. Qd2 Be7 54. Qb2 Kg8 55. Qa2 Kg7 56. Qb2+ Bf6 57. Qd2 Qc4 58.
Qe1 Qe6 59. Qb1 Ba6 60. Bf5 Qc4 61. Be4 Qe2 62. Qc2 Qf1+ 63. Kh2 Be2 64. Qc5 Qd1 65. Ng1 Bh5 66. Qf5 Bg6 67. Qf3 Qxf3 68. Bxf3 Bd4 69.
Kg2 f5 70. Bd5 Kf6 71. Ne2 Bc5 72. Ba8 Ke5 73. f4+ Kf6 74. fxg5+ hxg5 75. Bf3 Bf7 76. Ba8 Bc4 77. Bf3 Ke5 78. Nc3 Kd4 79.
Nd1 Kd3 80. Nf2+ Ke3 81. Nd1+ Kd4 82. Nf2 Bd6 83. Nd1 Be5 84. Nf2 Ke3 85. Nd1+ Kd2 86. Nf2 Bd4 87. g4 fxg4 88. Nxg4 Be6 89. Nf2 Ke3 90.
Ng4+ Kf4 91. Nh6 Bg7 92. Ng4 Bf5 93. Nf2 Bd4 94. Bg4 Bg6 95. Nh1 Be4+ 96. Kh2 Ke3 97. Kg1 Kd2+ 98. Kh2 Ke1 99. h4 gxh4 100. Bh3 Be5+ 101. Kg1 Bf4 102. Be6 Be3+ 103. Kh2 Bf4+ 104. Kg1 Be3+ 105. Kh2 Ke2 106. Bd7 Kd2 107. Bh3 Bf4+ 108. Kg1 Ke3 109. Bg2 Bd3 110. Nf2 Bc4 111. Ng4+ Kd2 112. Nf2 Be3 113. Bf3 Ke1 114. Kg2 Bxf2 115. Kh3 Bf1+ 116. Kg4 Bg3 117. Bh1 Kf2 118. Be4 Bg2 119. Bd3 Bf3+ 120. Kh3 Bd5 121. Bf5 Bg2+ 122. Kg4 h3 123. Bd3 h2 124. Be2 h1=Q 125. Bf3 Qh4+ 126. Kf5 Qf4+ 127. Ke6 Qxf3 128. Kd7 Qe3 0-1

[Event "*** Titled Tuesday Blitz"]
[Site "Chess.com"]
[Date "2020.11.03"]
[Round "3"]
[White "alexrustemov"]
[Black "GigaQuparadze"]
[Result "1-0"]
[WhiteElo "2674"]
[BlackElo "2859"]
[TimeControl "180+1"]
[EndTime "10:24:57 PST"]
[Termination "alexrustemov won by resignation"]

1. d4 e6 2. Nf3 c5 3. c4 cxd4 4. Nxd4 a6 5. Nc3 Nf6 6. e3 d5 7.
cxd5 Nxd5 8. Nxd5 Qxd5 9. Bd2 Nc6 10. Nxc6 Qxc6 11. Rc1 Qb6 12. Bc3 Bb4 13. Qa4+ 1-0

[Event "*** Titled Tuesday Blitz"]
[Site "Chess.com"]
[Date "2020.11.03"]
[Round "3"]
[White "KatarinaOstojic"]
[Black "salomez"]
[Result "1/2-1/2"]
[WhiteElo "2346"]
[BlackElo "2136"]
[TimeControl "180+1"]
[EndTime "10:25:05 PST"]
[Termination "Game drawn by agreement"]

1. d4 Nf6 2. Nf3 g6 3. Bg5 Bg7 4. Nbd2 d5 5. c3 O-O 6. Bxf6 Bxf6 7. e4 dxe4 8. Nxe4 Bg7 9. Be2 b6 10. O-O Bb7 11. Ng3 Nd7 12. Re1 e5 13. Bb5 exd4 1/2-1/2

[Event "*** Titled Tuesday Blitz"]
[Site "Chess.com"]
[Date "2020.11.03"]
[Round "3"]
[White "MichailovM"]
[Black "queen_iryna"]
[Result "0-1"]
[WhiteElo "2439"]
[BlackElo "2269"]
[TimeControl "180+1"]
[EndTime "10:25:16 PST"]
[Termination "queen_iryna won by resignation"]

1. e4 d6 2. d4 Nf6 3. Nc3 e5 4. Nf3 Nbd7 5. Bc4 Be7 6. O-O O-O 7. Re1 c6 8. a4 h6 9. h3 Re8 10. a5 Bf8 11. b3 exd4 12. Nxd4 Nc5 13. Qf3 d5 0-1

[Event "*** Titled Tuesday Blitz"]
[Site "Chess.com"]
[Date "2020.11.03"]
[Round "3"]
[White "kot60"]
[Black "Pelopidass"]
[Result "1-0"]
[WhiteElo "2396"]
[BlackElo "2562"]
[TimeControl "180+1"]
[EndTime "10:25:23 PST"]
[Termination "kot60 won by resignation"]

1. e4 e5 2. Nc3 Nf6 3. f4 d5 4. fxe5 Nxe4 5. Qf3 Nxc3 6. bxc3 Nc6 7. d4 Be6 8. Qg3 Ne7 9. Bd3 Nf5 10. Qf2 Qd7 11.
Ne2 Be7 12. O-O h5 13. Bxf5 Bxf5 14. Qxf5 1-0

[Event "*** Titled Tuesday Blitz"]
[Site "Chess.com"]
[Date "2020.11.03"]
[Round "3"]
[White "HanSchut"]
[Black "Skat2704"]
[Result "0-1"]
[WhiteElo "2204"]
[BlackElo "2417"]
[TimeControl "180+1"]
[EndTime "10:25:50 PST"]
[Termination "Skat2704 won by resignation"]

1. e4 c6 2. d4 d5 3. e5 Bf5 4. Nf3 e6 5. Be2 Ne7 6. O-O c5 7. Be3 Nec6 8. Nc3 Nd7 9. Re1 Be7 10. a3 O-O 11. dxc5 Bxc5 12. Bxc5 Nxc5 13. b4 Ne4 14. Nxe4 dxe4 15. Nd4 0-1

[Event "*** Titled Tuesday Blitz"]
[Site "Chess.com"]
[Date "2020.11.03"]
[Round "3"]
[White "snowlord"]
[Black "ZEN-22"]
[Result "1-0"]
[WhiteElo "2735"]
[BlackElo "2441"]
[TimeControl "180+1"]
[EndTime "10:26:15 PST"]
[Termination "snowlord won by checkmate"]

1. d4 Nf6 2. c4 d6 3. Nc3 Bf5 4. g3 e5 5. Bg2 exd4 6. Qxd4 Nc6 7. Qd2 g6 8. b3 Bg7 9. Bb2 O-O 10. Nh3 Re8 11. O-O a5 12. Nf4 Nd7 13. e4 Bg4 14.
f3 Be6 15. Ncd5 Nde5 16. a4 Bd7 17. Bc3 f5 18. exf5 Bxf5 19. Rad1 b6 20. Ne3 Bd7 21.
Nfd5 h5 22. f4 Ng4 23. Bxg7 Kxg7 24. Qc3+ Kh6 25. Nxg4+ Bxg4 26. Rde1 Nb4 27. Rxe8 Nxd5 28. Qh8# 1-0

[Event "*** Titled Tuesday Blitz"]
[Site "Chess.com"]
[Date "2020.11.03"]
[Round "3"]
[White "cassoulet"]
[Black "Godzillator"]
[Result "1-0"]
[WhiteElo "2614"]
[BlackElo "2300"]
[TimeControl "180+1"]
[EndTime "10:26:38 PST"]
[Termination "cassoulet won by checkmate"]

1. e4 c6 2. Nc3 d5 3. d4 dxe4 4. Nxe4 Bf5 5. Ng3 Bg6 6. Nf3 e6 7. h4 h6 8. h5 Bh7 9. Bd3 Bxd3 10. Qxd3 Nf6 11. Bf4 Qa5+ 12. Bd2 Bb4 13. c3 Be7 14. c4 Qc7 15. O-O-O c5 16. d5 exd5 17. cxd5 c4 18. Qd4 Qc5 19. Qxc5 Bxc5 20. Rhe1+ Kf8 21. Ne4 Nxe4 22.
Rxe4 b5 23. Ne5 Bd6 24. Rde1 Bxe5 25. Rxe5 Nd7 26. Re7 Nf6 27. d6 Rd8 28. Bb4 Nd5 29. Re8+ Rxe8 30. d7+ Nxb4 31. dxe8=Q# 1-0

[Event "*** Titled Tuesday Blitz"]
[Site "Chess.com"]
[Date "2020.11.03"]
[Round "3"]
[White "BlixLT"]
[Black "Artyom_ChessMate"]
[Result "1/2-1/2"]
[WhiteElo "2384"]
[BlackElo "2579"]
[TimeControl "180+1"]
[EndTime "10:26:44 PST"]
[Termination "Game drawn by agreement"]

1. Nf3 d5 2. c4 e6 3. e3 Nf6 4. b3 Be7 5. Bb2 O-O 6. Be2 b6 7. O-O Bb7 8. d4 Nbd7 9. Nc3 c5 10.
cxd5 Nxd5 11. Nxd5 Bxd5 12. Rc1 Bf6 13. Qc2 Rc8 14.
e4 Bb7 15. e5 Be7 16. Qd3 cxd4 17. Bxd4 Nc5 18. Qe3 Qd5 19. Rfd1 Qxe5 1/2-1/2

[Event "*** Titled Tuesday Blitz"]
[Site "Chess.com"]
[Date "2020.11.03"]
[Round "3"]
[White "Tocras"]
[Black "Neftegor"]
[Result "1-0"]
[WhiteElo "2791"]
[BlackElo "2452"]
[TimeControl "180+1"]
[EndTime "10:26:50 PST"]
[Termination "Tocras won by resignation"]

1. e4 e5 2. Nf3 Nc6 3. Nc3 Nf6 4. Bb5 Bc5 5. O-O d6 6. d4 exd4 7. Nxd4 Bd7 8. Bxc6 bxc6 9. b3 O-O 10. Bb2 Re8 11.
Re1 Ng4 12. h3 Nxf2 13. Kxf2 Qf6+ 14. Ke3 Bf5 15. Rf1 Qg5+ 16. Kd3 Bxe4+ 17. Nxe4 Rxe4 18. Qf3 Rae8 19. Qxf7+ Kh8 20. Qf8+ 1-0

[Event "*** Titled Tuesday Blitz"]
[Site "Chess.com"]
[Date "2020.11.03"]
[Round "3"]
[White "Omk124"]
[Black "Akhayan"]
[Result "1-0"]
[WhiteElo "2423"]
[BlackElo "2272"]
[TimeControl "180+1"]
[EndTime "10:26:51 PST"]
[Termination "Omk124 won by resignation"]

1. e4 e6 2. d4 d5 3. Nd2 c5 4. exd5 Qxd5 5. Ngf3 cxd4 6. Bc4 Qd8 7. Nb3 Nc6 8. O-O Nf6 9. Qe2 Qc7 10. Rd1 Be7 11.
Nbxd4 Nxd4 12. Rxd4 O-O 13. Bf4 Qb6 14. Bb3 Bc5 15.
Rd2 Nd5 16. Bg3 Bd7 17. Rad1 Bc6 18. Ne5 Rac8 19. Nxc6 bxc6 20. c3 a5 21. Be5 Be7 22. Qg4 Bf6 23. Rxd5 cxd5 24. Bxf6 g6 25. Qg5 1-0

[Event "*** Titled Tuesday Blitz"]
[Site "Chess.com"]
[Date "2020.11.03"]
[Round "3"]
[White "enriquebutti"]
[Black "Cocaino74"]
[Result "1-0"]
[WhiteElo "1988"]
[BlackElo "2291"]
[TimeControl "180+1"]
[EndTime "10:26:57 PST"]
[Termination "enriquebutti won by checkmate"]

1. Nf3 d5 2. b3 c5 3. Bb2 f6 4. d4 cxd4 5. Qxd4 e5 6. Qh4 Be6 7. Nc3 Nc6 8. O-O-O Nge7 9. Nxd5 Nxd5 10. e4 Qa5 11.
exd5 Bxd5 12. Bc4 Bxf3 13. gxf3 Qxa2 14. Qg4 Be7 15. Qd7+ Kf8 16. Qe6 Nd8 17. Rxd8+ Rxd8 18. Qf7# 1-0

[Event "*** Titled Tuesday Blitz"]
[Site "Chess.com"]
[Date "2020.11.03"]
[Round "3"]
[White "Sviridov_Valery"]
[Black "shnitez"]
[Result "1-0"]
[WhiteElo "2730"]
[BlackElo "2529"]
[TimeControl "180+1"]
[EndTime "10:27:04 PST"]
[Termination "Sviridov_Valery won by resignation"]

1. Nf3 Nf6 2. g3 b6 3. Bg2 Bb7 4. O-O e6 5. c4 Be7 6. d4 O-O 7.
d5 exd5 8. Nh4 c6 9. cxd5 Nxd5 10. Nf5 Nc7 11. e4 d5 12. Nc3 Bf6 13. exd5 Bxc3 14. bxc3 Nxd5 15. c4 Nf6 16. Bb2 Qxd1 17. Raxd1 Nbd7 18. Nxg7 Ba6 19. Nf5 Bxc4 20. Rxd7 1-0

[Event "*** Titled Tuesday Blitz"]
[Site "Chess.com"]
[Date "2020.11.03"]
[Round "3"]
[White "obliviate12"]
[Black "brunomorado"]
[Result "1-0"]
[WhiteElo "2713"]
[BlackElo "2441"]
[TimeControl "180+1"]
[EndTime "10:27:06 PST"]
[Termination "obliviate12 won by resignation"]

1. e4 c5 2. Nf3 Nc6 3. Bb5 Nd4 4.
Nxd4 cxd4 5. O-O g6 6. c3 Bg7 7.
Re1 e6 8. e5 Qb6 9. Na3 Ne7 10.
Nc4 Qc7 11. Nd6+ Kf8 12. cxd4 Nf5 13. b3 Nxd4 14. Ba3 Kg8 15. Rc1 Qa5 16. Ba4 b5 17. Nxc8 bxa4 18. Ne7+ 1-0

[Event "*** Titled Tuesday Blitz"]
[Site "Chess.com"]
[Date "2020.11.03"]
[Round "3"]
[White "Piotrek1979"]
[Black "GoltsevDmitry2000"]
[Result "1-0"]
[WhiteElo "2444"]
[BlackElo "2665"]
[TimeControl "180+1"]
[EndTime "10:27:06 PST"]
[Termination "Piotrek1979 won by resignation"]

1. d4 Nf6 2. Nf3 e6 3. g3 b6 4. Bg2 Bb7 5. O-O Be7 6. b3 O-O 7. Bb2 c5 8. c4 d5 9. cxd5 Nxd5 10. Nc3 Nd7 11. Nxd5 Bxd5 12. Qd3 Bf6 13. Rfd1 cxd4 14.
Bxd4 Nc5 15. Bxf6 Qxf6 16. Qd4 Qe7 17. Ne5 Rad8 18. Qe3 Qb7 19. Bxd5 Rxd5 20. Rxd5 Qxd5 21. Rc1 Rd8 22. b4 Ne4 23. Nc6 Rd7 24. Ne7+ Rxe7 25. Rc8+ 1-0

[Event "*** Titled Tuesday Blitz"]
[Site "Chess.com"]
[Date "2020.11.03"]
[Round "3"]
[White "GM4life"]
[Black "Lion-Al-Messi"]
[Result "0-1"]
[WhiteElo "2319"]
[BlackElo "2545"]
[TimeControl "180+1"]
[EndTime "10:27:12 PST"]
[Termination "Lion-Al-Messi won by resignation"]

1. e4 e6 2. d4 d5 3. Nc3 Nf6 4. e5 Nfd7 5. f4 c5 6. Nf3 Nc6 7. Be3 a6 8. Qd2 b5 9. dxc5 Bxc5 10. Bd3 Qb6 11. Bf2 Bb7 12. O-O Bxf2+ 13. Rxf2 b4 14. Ne2 f6 15. exf6 Nxf6 16. h3 O-O 17. Ned4 Ne4 18.
Bxe4 dxe4 19. Nxc6 e3 20. Ne7+ Kh8 21. Qd4 Qxd4 22.
Nxd4 exf2+ 23. Kxf2 Rxf4+ 24. Ke3 Re4+ 25. Kd3 Rd8 26.
c3 e5 0-1

[Event "*** Titled Tuesday Blitz"]
[Site "Chess.com"]
[Date "2020.11.03"]
[Round "3"]
[White "TurboSteen"]
[Black "Meri-Arabidze"]
[Result "0-1"]
[WhiteElo "2014"]
[BlackElo "2650"]
[TimeControl "180+1"]
[EndTime "10:27:19 PST"]
[Termination "Meri-Arabidze won by resignation"]

1. e4 c5 2. Nc3 e6 3. Nge2 Nc6 4. d4 cxd4 5. Nxd4 a6 6. g3 Nf6 7. Bg2 Qc7 8. O-O Bc5 9. Nb3 Ba7 10. h3 O-O 11.
Kh2 Rd8 12. f4 d5 13. e5 Nd7 14. Qg4 Nf8 15. a4 Nb4 16. h4 Nxc2 17. Rb1 Be3 0-1

[Event "*** Titled Tuesday Blitz"]
[Site "Chess.com"]
[Date "2020.11.03"]
[Round "3"]
[White "Margarita2907"]
[Black "Gerodot71"]
[Result "0-1"]
[WhiteElo "2216"]
[BlackElo "2489"]
[TimeControl "180+1"]
[EndTime "10:27:20 PST"]
[Termination "Gerodot71 won by checkmate"]

1. e4 e5 2. Nf3 Nc6 3. Bc4 Bc5 4. d3 Nf6 5. O-O d6 6. c3 a6 7. a4 Ba7 8. Nbd2 h6 9. h3 g5 10. Nh2 h5 11. Re1 g4 12. hxg4 Nxg4 13. Rf1 Qh4 14. Ndf3 Bxf2+ 15. Kh1 Qg3 16. Bd2 Rg8 17. Qe2 Bb6 18. Be1 Nf2+ 19. Bxf2 Qxg2# 0-1

[Event "*** Titled Tuesday Blitz"]
[Site "Chess.com"]
[Date "2020.11.03"]
[Round "3"]
[White "InitiatingASC"]
[Black "enestnrvrd"]
[Result "0-1"]
[WhiteElo "2383"]
[BlackElo "2609"]
[TimeControl "180+1"]
[EndTime "10:27:22 PST"]
[Termination "enestnrvrd won by resignation"]

1. Nf3 Nf6 2. g3 d5 3. Bg2 c5 4. O-O Nc6 5. c4 d4 6. e3 e5 7. exd4 exd4 8. Re1+ Be7 9. d3 O-O 10.
a3 Bf5 11. Nh4 Bg4 12. Qc2 Qd7 13. Nd2 Rae8 14. Nf1 h6 15. Bd2 g5 16. Nf3 Qf5 17. Rxe7 Rxe7 18. Ne1 Rfe8 19. b4 Ne5 20. bxc5 Nf3+ 21.
Nxf3 Bxf3 22. c6 bxc6 0-1

[Event "*** Titled Tuesday Blitz"]
[Site "Chess.com"]
[Date "2020.11.03"]
[Round "3"]
[White "MashaFromRussia"]
[Black "Chamal_Gedgafov"]
[Result "1-0"]
[WhiteElo "2343"]
[BlackElo "2132"]
[TimeControl "180+1"]
[EndTime "10:27:22 PST"]
[Termination "MashaFromRussia won by resignation"]

1. d4 Nf6 2. c4 e6 3. g3 b6 4. Bg2 c6 5. Nf3 d5 6. O-O Ba6 7. cxd5 exd5 8. Nc3 Bd6 9. Qc2 O-O 10. Rd1 Nbd7 11.
Bd2 Re8 12. Rac1 Bb7 13. Qa4 h6 14. Bf4 Qe7 15. e3 Ne4 16. Nxe4 dxe4 17. Ne5 Nxe5 18. dxe5 Bxe5 19. Bxe5 Qxe5 20. Rd7 Bc8 21. Rd4 c5 22.
Rxe4 1-0

[Event "*** Titled Tuesday Blitz"]
[Site "Chess.com"]
[Date "2020.11.03"]
[Round "3"]
[White "tk22h"]
[Black "chesslh19"]
[Result "1/2-1/2"]
[WhiteElo "2377"]
[BlackElo "2223"]
[TimeControl "180+1"]
[EndTime "10:27:23 PST"]
[Termination "Game drawn by agreement"]

1. c4 e6 2. Nf3 d5 3. d4 Nf6 4. Nc3 c5 5. cxd5 cxd4 6. Nxd4 Nxd5 7. Ndb5 Nxc3 8. Qxd8+ Kxd8 9. Nxc3 Bb4 10. Bd2 Nc6 11.
O-O-O Ke7 12. e4 Bd7 13. Bb5 Rac8 14. Kb1 Rhd8 15. Bxc6 Bxc6 16. Nd5+ exd5 17. Bxb4+ Kf6 18. Bc3+ Kg6 19. e5 f6 20. exf6 gxf6 21. Rhe1 Re8 22. Bd4 a6 23. Be3 1/2-1/2

[Event "*** Titled Tuesday Blitz"]
[Site "Chess.com"]
[Date "2020.11.03"]
[Round "3"]
[White "Ausbildung"]
[Black "Vladislav_Chizhikov"]
[Result "0-1"]
[WhiteElo "2247"]
[BlackElo "2505"]
[TimeControl "180+1"]
[EndTime "10:27:25 PST"]
[Termination "Vladislav_Chizhikov won by resignation"]

1. e4 c5 2. c4 Nc6 3. Nc3 g6 4. d3 Bg7 5. Nge2 a6 6. g3 Rb8 7. Bg2 b5 8. O-O e6 9. Rb1 Nge7 10. b3 d6 11. Bb2 O-O 12. Qd2 Qa5 13. Rfd1 Rd8 14.
h4 h5 15. Qg5 Qc7 16. g4 hxg4 17. h5 Ne5 18. Nf4 f6 19. Qh4 g5 20. Qh2 gxf4 21. h6 Bh8 22. Qxf4 d5 23. exd5 Nf3+ 0-1

[Event "*** Titled Tuesday Blitz"]
[Site "Chess.com"]
[Date "2020.11.03"]
[Round "3"]
[White "pedromartinez91"]
[Black "Aleksandar-Topalov"]
[Result "1-0"]
[WhiteElo "2591"]
[BlackElo "2376"]
[TimeControl "180+1"]
[EndTime "10:27:33 PST"]
[Termination "pedromartinez91 won by resignation"]

1. b3 Nf6 2. Bb2 g6 3. Bxf6 exf6 4. d4 f5 5. e3 h5 6. Nf3 Bh6 7. g3 O-O 8. h4 d6 9. Nbd2 Nd7 10. Bg2 Nf6 11.
c4 Ng4 12. O-O Re8 13. Re1 c6 14. b4 a6 15. a4 Bd7 16. Qb3 b5 17. axb5 axb5 18.
cxb5 cxb5 19. Rxa8 Qxa8 20. Ne5 Be6 21. Bxa8 Bxb3 22. Nxg4 hxg4 23. Bc6 Rc8 24. Bxb5 Rb8 25. Bd3 d5 26. b5 Ba4 27. Ra1 Bxb5 28. Rb1 Bxd3 29.
Rxb8+ Kg7 30. Rd8 Be4 31. Nxe4 dxe4 32. Kf1 Kf6 33. Ke2 Ke7 34. Ra8 g5 35. Ra6 f6 36.
Ra7+ Ke6 37. h5 f4 38. Rh7 1-0

[Event "*** Titled Tuesday Blitz"]
[Site "Chess.com"]
[Date "2020.11.03"]
[Round "3"]
[White "SophieNikoladze"]
[Black "esapunov"]
[Result "0-1"]
[WhiteElo "2277"]
[BlackElo "2639"]
[TimeControl "180+1"]
[EndTime "10:27:33 PST"]
[Termination "esapunov won by resignation"]

1. d4 Nf6 2. Nf3 g6 3. g3 Bg7 4. Bg2 O-O 5. O-O d6 6. c4 Nc6 7.
Nc3 Bf5 8. Nh4 Bd7 9. e4 e5 10. d5 Nd4 11. h3 c5 12. Be3 a6 13. Qd2 b5 14. Bh6 bxc4 15. Bxg7 Kxg7 16. Ne2 Rb8 17.
Rac1 Nh5 18. Kh2 Rb4 19. Nxd4 exd4 20. a3 Rb3 21. Rxc4 Bb5 22. Rfc1 Bxc4 23. Rxc4 Qf6 24. Ra4 Rfb8 25. Rxa6 Rxb2 26. Qe1 d3 27. f4 d2 28. Qd1 Nxf4 29. e5 Qxe5 30. gxf4 Qxf4+ 31. Kh1 Rb1 0-1

[Event "*** Titled Tuesday Blitz"]
[Site "Chess.com"]
[Date "2020.11.03"]
[Round "3"]
[White "anasta10"]
[Black "ecwinslow"]
[Result "1-0"]
[WhiteElo "2386"]
[BlackElo "2192"]
[TimeControl "180+1"]
[EndTime "10:27:42 PST"]
[Termination "anasta10 won by resignation"]

1. Nf3 Nf6 2. d4 g6 3. c4 Bg7 4.
Nc3 O-O 5. e4 d6 6. h3 c5 7. d5 e6 8. Be2 exd5 9. exd5 Re8 10.
O-O a6 11. Re1 Nbd7 12. a4 Ne5 13. Nxe5 Rxe5 14. Bf4 Re8 15. Bd3 Nh5 16. Bh2 Be5 17. Bxe5 dxe5 18. Bf1 f5 19. d6 Nf6 20. Qd2 Bd7 21. Rad1 Re6 22. Nd5 Kg7 23. Nc7 Rc8 24.
Nxe6+ Bxe6 25. Rxe5 1-0

[Event "*** Titled Tuesday Blitz"]
[Site "Chess.com"]
[Date "2020.11.03"]
[Round "3"]
[White "DonPreuss"]
[Black "Manukyan_Artak"]
[Result "0-1"]
[WhiteElo "2216"]
[BlackElo "2432"]
[TimeControl "180+1"]
[EndTime "10:27:48 PST"]
[Termination "Manukyan_Artak won by resignation"]

1. d4 Nf6 2. Nc3 d5 3. e4 dxe4 4. f3 e3 5. Bxe3 Bf5 6. Nge2 e6 7. Ng3 Bg6 8. Bd3 Nbd7 9. O-O c5 10. Bb5 a6 11. Bd3 cxd4 12. Bxd4 Bc5 13. Bxg6 hxg6 14.
Nce4 Bxd4+ 15. Qxd4 O-O 16. Rad1 Qc7 17. c3 Rad8 18. Qd6 Qc8 19. Qb4 Nd5 20. Qa5 Ne3 21. Nd6 Qc6 22. h4 Nxf1 23. Kxf1 Nf6 0-1

[Event "*** Titled Tuesday Blitz"]
[Site "Chess.com"]
[Date "2020.11.03"]
[Round "3"]
[White "Svet99"]
[Black "AleksanderHnydiuk"]
[Result "0-1"]
[WhiteElo "2183"]
[BlackElo "2483"]
[TimeControl "180+1"]
[EndTime "10:27:49 PST"]
[Termination "AleksanderHnydiuk won on time"]

1. Nf3 c5 2. g3 g6 3. Bg2 Bg7 4. O-O Nc6 5. e4 e5 6. c4 Nge7 7. Nc3 O-O 8. Nd5 d6 9. d3 h6 10.
Bd2 f5 11. a3 Be6 12. b4 Qd7 0-1

[Event "*** Titled Tuesday Blitz"]
[Site "Chess.com"]
[Date "2020.11.03"]
[Round "3"]
[White "TrickyFortem"]
[Black "orestn"]
[Result "1-0"]
[WhiteElo "2556"]
[BlackElo "2353"]
[TimeControl "180+1"]
[EndTime "10:27:51 PST"]
[Termination "TrickyFortem won by resignation"]

1. b3 d5 2. Bb2 e6 3. f4 a5 4. Nf3 a4 5. e3 a3 6. Bc3 b6 7. d4 Ba6 8. Nbd2 b5 9. b4 Nf6 10. Rb1 c6 11. Nb3 Nbd7 12. Nc5 Be7 13. Bd3 Nb6 14.
O-O Nc4 15. Qe1 Bxc5 16. bxc5 Ne4 17. Bxe4 dxe4 18. Ne5 Nxe5 19. fxe5 b4 20. Rxb4 Bxf1 21. Qxf1 Rb8 22. Qa6 O-O 23. Qxc6 Rxb4 24. Bxb4 Qb8 25. c3 Qa8 26. Qxa8 Rxa8 27. Kf2 Kf8 28. Kg3 f5 29. exf6 gxf6 30. Kf4 Kf7 31. Kxe4 Rg8 32. Kf3 f5 33. g3 h5 34. c4 Ke8 35. c6 Kd8 36. Bd6 Kc8 37. h3 h4 38. gxh4 Rg1 39. h5 Rh1 40. Kg3 Rg1+ 41. Kf4 Rh1 42. Kg3 Rg1+ 43. Kh4 Ra1 44.
h6 1-0

[Event "*** Titled Tuesday Blitz"]
[Site "Chess.com"]
[Date "2020.11.03"]
[Round "3"]
[White "goldenpuppy"]
[Black "CzechmVIII"]
[Result "1-0"]
[WhiteElo "2355"]
[BlackElo "2146"]
[TimeControl "180+1"]
[EndTime "10:27:56 PST"]
[Termination "goldenpuppy won on time"]

1. e4 c5 2. Nf3 d6 3. d4 cxd4 4. Nxd4 Nf6 5. Nc3 g6 6. Be3 Bg7 7. f3 Nc6 8. Qd2 O-O 9. Bc4 Bd7 10. O-O-O Rc8 11. Bb3 Ne5 12. h4 h5 13. Bg5 Rc5 14. Kb1 a5 15. g4 hxg4 16. h5 Nxh5 17. Bh6 Rxc3 18. Rxh5 Bxh6 19. Qxh6 gxh5 20. Qxh5 Rxb3 21. Rh1 Rxb2+ 22. Kxb2 Qb6+ 23. Kc1 1-0

[Event "*** Titled Tuesday Blitz"]
[Site "Chess.com"]
[Date "2020.11.03"]
[Round "3"]
[White "niki_2003"]
[Black "Sacbutt"]
[Result "0-1"]
[WhiteElo "1910"]
[BlackElo "2298"]
[TimeControl "180+1"]
[EndTime "10:28:02 PST"]
[Termination "Sacbutt won by resignation"]

1. d4 Nf6 2. c4 e6 3. Nf3 b6 4.
g3 Bb7 5. Bg2 Be7 6. O-O O-O 7.
Nc3 Ne4 8. Nd2 Nxc3 9. bxc3 Bxg2 10. Kxg2 f5 11. e4 fxe4 12. Nxe4 Nc6 13. f4 Na5 14.
Qd3 Qe8 15. Nd2 Qh5 16. Bb2 Rae8 17. Rae1 Bd6 18. Ne4 Be7 19. d5 exd5 20. cxd5 Nb7 21. c4 Nc5 22. Nxc5 Bxc5 23. Qc3 Re2+ 24. Rxe2 Qxe2+ 25. Kh3 Qxf1+ 26. Kh4 Be7+ 27. Kg4 Qe2+ 28. Kh3 Bf6 0-1

[Event "*** Titled Tuesday Blitz"]
[Site "Chess.com"]
[Date "2020.11.03"]
[Round "3"]
[White "Yashasd1995"]
[Black "Ladislav1969"]
[Result "1-0"]
[WhiteElo "2550"]
[BlackElo "2337"]
[TimeControl "180+1"]
[EndTime "10:28:07 PST"]
[Termination "Yashasd1995 won by resignation"]

1. b3 e5 2. Bb2 Nc6 3. e3 d5 4.
Bb5 Bd6 5. Nf3 Qe7 6. c4 Nf6 7. c5 Bxc5 8. Nxe5 Bd7 9. Nxd7 Qxd7 10. O-O Be7 11. Qc2 O-O 12. Rc1 Ne4 13. Bxc6 bxc6 14. Qxc6 Qf5 15. f3 Ng5 16. Qxc7 Bf6 17. Bxf6 Qxf6 18.
Nc3 d4 19. Nd5 Nxf3+ 20. gxf3 Qxf3 21. Ne7+ Kh8 22. Qf4 Qe2 23. Nf5 dxe3 24. dxe3 Rad8 25. Nd4 Rfe8 26. Nxe2 1-0

[Event "*** Titled Tuesday Blitz"]
[Site "Chess.com"]
[Date "2020.11.03"]
[Round "3"]
[White "tsvet2005"]
[Black "RaunakSadhwani2005"]
[Result "0-1"]
[WhiteElo "2715"]
[BlackElo "2973"]
[TimeControl "180+1"]
[EndTime "10:28:18 PST"]
[Termination "RaunakSadhwani2005 won by checkmate"]

1. d4 Nf6 2. c4 g6 3. Nc3 Bg7 4.
e4 d6 5. Be2 O-O 6. Be3 c5 7. d5 e6 8. Nf3 exd5 9. cxd5 Bg4 10. Nd2 Bxe2 11. Qxe2 Re8 12. O-O Na6 13. f3 Nc7 14. a4 Nfxd5 15. Bf2 Nf4 16. Qc4 Qg5 17. Bg3 Bd4+ 18. Kh1 Nh5 19. Bxd6 Ne6 20. Rad1 Rad8 21.
Qd5 Rxd6 22. Qxd6 Nef4 23. g4 Ng3+ 24. hxg3 Qh6# 0-1

[Event "*** Titled Tuesday Blitz"]
[Site "Chess.com"]
[Date "2020.11.03"]
[Round "3"]
[White "Tactictic"]
[Black "oneshot007"]
[Result "1-0"]
[WhiteElo "2406"]
[BlackElo "2200"]
[TimeControl "180+1"]
[EndTime "10:28:21 PST"]
[Termination "Tactictic won by checkmate"]

1. e4 c5 2. Nf3 Nc6 3. d4 cxd4 4.
Nxd4 Nf6 5. Nc3 e5 6. Ndb5 d6 7.
Bg5 a6 8. Na3 b5 9. Nd5 Be7 10.
Bxf6 Bxf6 11. c3 O-O 12. Nc2 Bg5 13. a4 bxa4 14. Rxa4 a5 15. Bc4 Rb8 16. b3 Kh8 17. h4 Bh6 18. g4 g6 19. h5 Qg5 20. Nce3 Bg7 21. Qf3 f5 22. hxg6 fxg4 23. Rxh7+ Kg8 24. Ne7# 1-0

[Event "*** Titled Tuesday Blitz"]
[Site "Chess.com"]
[Date "2020.11.03"]
[Round "3"]
[White "Snegokhod"]
[Black "Hikaru"]
[Result "0-1"]
[WhiteElo "2472"]
[BlackElo "3217"]
[TimeControl "180+1"]
[EndTime "10:28:25 PST"]
[Termination "Hikaru won by resignation"]

1. e4 g6 2. h4 c5 3. h5 Bg7 4.
Nc3 d6 5. d3 Nc6 6. h6 Bxc3+ 7.
bxc3 Nf6 8. Nf3 Bg4 9. Be2 O-O 10. Nh2 Bxe2 11. Qxe2 b5 12. Nf3 a5 13. O-O Nd7 14. Rb1 b4 15. Bb2 e5 16. Ra1 Nb6 17.
cxb4 axb4 18. c3 Na4 19. cxb4 Nxb4 20. Bc1 Nc6 21. Be3 f5 22. Ng5 Qe7 23. Qc2 f4 24. Qc4+ Kh8 25. Ne6 Rf6 26. Nxf4 exf4 27. Bd2 Ne5 28.
Qd5 Rff8 29. Rfb1 Qg5 30. Rb7 Nf3+ 31. Kf1 Nxd2+ 32. Ke2 Nc3+ 0-1